 Dungeon Crawl Stone Soup version 0.30-a0-634-g8abc85282e (webtiles) character file.

Game seed: 11876769335285444499

65 Dirtsage the Changer (level 4, -3/28 HPs)
             Began as an Octopode Transmuter on Jan 14, 2023.
             Slain by a gnoll
             ... wielding a +0 club
              (5 damage)
             ... on level 2 of the Dungeon.
             The game lasted 00:02:03 (740 turns).

Dirtsage the Changer (Octopode Transmuter)           Turns: 740, Time: 00:02:04

Health: -3/28      AC:  1    Str:  9    XL:     4   Next: 13%
Magic:  4/7        EV: 13    Int: 17    God:
Gold:   64         SH:  0    Dex: 12    Spells: 4/7 levels left

rFire   . . .      SeeInvis .      - Unarmed
rCold   . . .      Faith    .    (no shield)
rNeg    . . .      Spirit   .    (helmet currently unavailable)
rPois   .          Reflect  .    (no amulet)
rElec   .          Harm     .    (no ring)
rCorr   .          Rampage  .    (no ring)
Will    .....                    (no ring)
Stlth   ++                       (no ring)
HPRegen 0.24/turn                (no ring)
MPRegen 0.10/turn                (no ring)
                                 (no ring)
                                 (no ring)

@: appendages (expiring), wereblooded
A: tentacle spike 3, almost no armour, amphibious, 8 rings, camouflage 1,
gelatinous body 1, (nimble swimmer 1), tentacles
a: End Transformation


You were on level 2 of the Dungeon.
One of your tentacles had grown a beastly spike.
You visited 1 branch of the dungeon, and saw 2 of its levels.

You collected 64 gold pieces.

Inventory:

Scrolls
 b - a scroll of identify {unknown}
Potions
 a - a potion of lignification
 c - a potion of cancellation {unknown}


   Skills:
 - Level 1.0 Fighting
 - Level 2.0 Dodging
 - Level 3.0 Unarmed Combat
 - Level 2.0 Spellcasting
 * Level 3.3 Transmutations
 * Level 2.4 Ice Magic


You had 4 spell levels left.
You knew the following spells:

 Your Spells              Type           Power      Damage    Failure   Level
a - Beastly Appendage     Tmut           24%        N/A       4%          1
b - Wereblood             Tmut           12%        N/A       8%          2

Your spell library contained the following spells:

 Spells                   Type           Power      Damage    Failure   Level
 Scorch                   Fire           2%         2d5       28%         2
 Spider Form              Tmut/Pois      7%         N/A       30%         3
 Ice Form                 Ice/Tmut       11%        N/A       52%         4
 Flame Wave               Conj/Fire      1%         2d4       88%         4
 Summon Cactus Giant      Summ           0%         N/A       100%        6


Dungeon Overview and Level Annotations

Branches:
Dungeon (2/15)

Altars:


Innate Abilities, Weirdness & Mutations

One of your tentacles has grown a beastly spike.
You cannot wear most types of armour.
You are amphibious.
You can wear up to eight rings at the same time.
Your skin changes colour to match your surroundings (Stealth+).
Your rubbery body absorbs attacks. (AC +1, EV +1)
((You are camouflaged when in or above water. (Stealth+)))
You have tentacles for arms and can constrict up to eight enemies at once.


Message History

You tentacle-slap the gnoll. Your grab misses the gnoll.
The gnoll is lightly wounded.
You closely miss the gnoll. Your grab misses the gnoll.
Your tentacle spike misses the gnoll.
Your tentacle-slap misses the gnoll.
The gnoll is lightly wounded.
A gnoll comes into view. It is wielding a +0 halberd.
The gnoll barely misses you.
The gnoll shouts!
You tentacle-slap the gnoll. Your grab misses the gnoll.
Your tentacle spike misses the gnoll.
Your squeeze misses the gnoll.
The gnoll is moderately wounded.
You hear a shout! x2
The gnoll misses you. The gnoll barely misses you.
Unknown command.
You barely miss the gnoll. You grab the gnoll.
The gnoll is moderately wounded.
You constrict the gnoll. The gnoll hits you with a +0 club.
The gnoll closely misses you.
You take 5 damage, and have 15/23 hp.
MASSIVE DAMAGE!!
You tentacle-slap the gnoll.
You pierce the gnoll.
The gnoll is heavily wounded.
You constrict the gnoll. The gnoll hits you with a +0 club!
The gnoll closely misses you.
You take 7 damage, and have 8/23 hp.
MASSIVE DAMAGE!!
You tentacle-slap the gnoll but do no damage.
You pierce the gnoll.
You squeeze the gnoll.
You feel a bit better.
You kill the gnoll!
The gnoll hits you with a +0 club.
* * * LOW HITPOINT WARNING * * *
The gnoll closely misses you.
You have reached level 4!
You take 2 damage, and have 6/28 hp.
The gnoll hits you with a +0 club.
* * * LOW HITPOINT WARNING * * *
The gnoll closely misses you.
You take 4 damage, and have 2/28 hp.
Your transformation is almost over.
A jackal comes into view.
The gnoll attacks as you move away! The gnoll hits you with a +0 club.
You die...

##. #.# # #.. ... #
#.. ######h#### # #..
#.......... # #
#.†##.)...!.#.. #
##.#............# #
#........g....#..
#####
#..(#.†..g...#####.
#....#
#.#......@>........
.....#
.....#........####.
....
....##...$...[.###
#.#####. ...#
#...........###.......
...
#####.##.##...######..
## #.##..###.## #....
..###.. #..###....
#.## ##.##..##.... ..
##.###..†....


You could see 2 gnolls and a jackal (wandering).

Vanquished Creatures
  An adder (D:2)
  A gnoll (D:2)
  2 dart slugs (D:2)
  8 ball pythons
  5 bats
  An endoplasm (D:1)
  3 giant cockroaches
  2 goblins (D:1)
  4 hobgoblins
  4 jackals (D:1)
  2 quokkas
  A frilled lizard (D:1)
  3 kobolds
37 creatures vanquished.

Notes
Turn   | Place    | Note
-------+----------+-------------------------------------------
     0 | D:1      | Dirtsage the Octopode Transmuter began the quest for the
                  | Orb.
     0 | D:1      | Reached XP level 1. HP: 13/13 MP: 3/3
     0 | D:1      | Noticed an ice dragon
     1 | D:1      | Noticed an ice dragon
     4 | D:1      | Noticed a shadow dragon
     6 | D:1      | Noticed a large abomination
     8 | D:1      | Noticed a white draconian
     9 | D:1      | Noticed an ice dragon
    11 | D:1      | Noticed an orb of fire
    13 | D:1      | Noticed an iron dragon
    13 | D:1      | Noticed an iron dragon
    17 | D:1      | Noticed a large abomination
    19 | D:1      | Noticed a large abomination
    21 | D:1      | Noticed an iron dragon
    92 | D:1      | Reached skill level 1 in Ice Magic
    92 | D:1      | Reached XP level 2. HP: 12/18 MP: 5/5
    97 | D:1      | Learned a level 2 spell: Wereblood
   296 | D:1      | Reached XP level 3. HP: 4/23 MP: 2/6
   737 | D:2      | Reached XP level 4. HP: 6/28 MP: 4/7
   740 | D:2      | Slain by a gnoll

Illustrated notes

Levels and vault maps discovered:
D:1:      shiori_arrival_whats_in_store_for_you, layout_basic
D:2:      minmay_spotlight, layout_rooms

Skill      XL: |  1  2  3 |
---------------+----------+-----
Ice Magic      | 1 2 |  2.4
Transmutations | 3 |  3.3
Fighting       | |  1.0
Dodging        | |  2.0
Unarmed Combat | |  3.0
Spellcasting   | |  2.0

Action                   |  1- 3 |  4- 6 || total
-------------------------+-------+-------++-------
Melee: Unarmed           |   100 |       ||   100
       Constrict         |    28 |       ||    28
       Tentacles         |    16 |       ||    16
       Kick              |    15 |       ||    15
       Punch             |     1 |       ||     1
 Cast: Beastly Appendage |     9 |       ||     9
       Wereblood         |     5 |       ||     5
  Use: Scroll            |     1 |       ||     1
       Potion            |     1 |       ||     1
 Stab: Sleeping          |     1 |       ||     1
Armor: Skin              |    16 |       ||    16
Dodge: Dodged            |   103 |     1 ||   104

Table legend: (Time is in decaauts)
 A = Elapsed time spent in this place.
 B = Non-inter-level travel time spent in this place.
 C = Inter-level travel time spent in this place.
 D = Time resting spent in this place.
 E = Time spent auto-exploring this place.
 F = Levels seen in this place.
 G = Mean time per level.
                   A        B        C        D        E       F      G
               +--------+--------+--------+--------+--------+-----+--------+
         Total |    734 |    722 |     12 |      0 |    490 |   2 |  367.0 |
       Dungeon |    734 |    722 |     12 |      0 |    490 |   2 |  367.0 |
               +--------+--------+--------+--------+--------+-----+--------+

Top non-repeatable levels by time:
     D:1: 523 daAuts
     D:2: 210 daAuts
